 Dungeon Crawl Stone Soup version 0.30.1-4-g462c640d31 (webtiles) character file.

Game seed: 7505821684443665145

126 Babbit the Covered (level 4, -5/40 HPs)
             Began as a Minotaur Fighter on Aug 23, 2023.
             Killed from afar by Sigmund (7 damage)
             ... with a bolt of light
             ... on level 3 of the Dungeon.
             The game lasted 00:04:53 (1796 turns).

Babbit the Covered (Minotaur Fighter)               Turns: 1796, Time: 00:04:54

Health: -5/40      AC:  8    Str: 22    XL:     4   Next: 84%
Magic:  3/3        EV:  9    Int:  5    God:
Gold:   136        SH:  4    Dex: 10    Spells: 3/3 levels left

rFire   . . .        a - +0 war axe
rCold   . . .        c - +0 buckler
rNeg    . . .        b - +0 scale mail
rPois   .            (helmet restricted)
rElec   .            (no cloak)
rCorr   .            h - +0 pair of gloves
SInv    .            (no boots)
Will    .....        (no amulet) Stlth
                     (no ring)
HPRegen 0.26/turn    (no ring)
MPRegen 0.08/turn

%: no passive effects
@: no status effects
A: horns 2, retaliatory headbutt
a: no special abilities


You were on level 3 of the Dungeon.
You visited 1 branch of the dungeon, and saw 3 of its levels.

You collected 136 gold pieces.

Inventory:

Hand Weapons
 a - a +0 war axe (weapon)
Missiles
 o - 9 boomerangs (quivered)
Armour
 b - a +0 scale mail (worn)
 c - a +0 buckler (worn)
 h - a +0 pair of gloves (worn)
Scrolls
 e - a scroll of blinking {unknown}
 f - a scroll of poison {unknown}
 k - 2 scrolls of teleportation {unknown}
 l - a scroll of fog {unknown}
 m - a scroll of enchant weapon {unknown}
 n - 2 scrolls of identify {unknown}
 r - a scroll of vulnerability {unknown}
 s - a scroll of immolation {unknown}
 u - a scroll of magic mapping {unknown}
 v - a scroll of torment {unknown}
Potions
 d - a potion of might
 g - 2 potions of curing {unknown}
 i - 2 potions of degeneration {unknown}
 j - a potion of ambrosia {unknown}
 p - a potion of magic {unknown}
 q - 2 potions of lignification {unknown}


   Skills:
 + Level 4.1 Fighting
 + Level 4.2 Axes
 + Level 0.2 Throwing
 + Level 4.7 Armour
 + Level 0.3 Dodging
 + Level 4.2 Shields


You had 3 spell levels left.
You didn't know any spells.
Your spell library contained the following spells:

 Spells                   Type           Power      Damage    Failure   Level
 Lesser Beckoning         Tloc           0%         N/A       94%         2
 Dazzling Flash           Conj/Hex       0%         N/A       99%         3
 Gell's Gravitas          Tloc           0%         N/A       99%         3
 Stone Arrow              Conj/Erth      0%         3d7       99%         3
 Teleport Other           Tloc           0%         N/A       99%         3
 Volatile Blastmotes      Fire/Tloc      0%         2d10      99%         3
 Animate Armour           Summ/Erth      0%         N/A       100%        4
 Iskenderun's Mystic Bla  Conj/Tloc      0%         2d3       100%        4
 Starburst                Conj/Fire      0%         6d3       100%        6
 Lehudib's Crystal Spear  Conj/Erth      0%         10d2      100%        8


Dungeon Overview and Level Annotations

Branches:
Dungeon (3/15)

Altars:
Ashenzari

Annotations:
D:3 Sigmund


Innate Abilities, Weirdness & Mutations

You have a pair of horns on your head.
You reflexively headbutt those who attack you in melee.


Message History

The silver javelin pierces through the gnoll!
The gnoll is severely wounded.
The silver javelin pierces through the gnoll!
The gnoll is severely wounded.
Your Axes skill increases to level 4!
You see here a +0 club.
The gnoll closely misses you.
You hit the gnoll but do no damage. You headbutt the gnoll.
You kill the gnoll!
A magic dart appears from out of thin air!
The magic dart hits you. The gnoll hits you but does no damage.
Something hits you. Something freezes you.
You barely miss something. You headbutt something! You barely miss the gnoll.
Something hits you! Something freezes you.
You slash something! You hit the gnoll. You barely miss the gnoll.
The gnoll hits you with a +0 whip.
* * * LOW HITPOINT WARNING * * *
The gnoll hits you with a +0 flail.
* * * LOW HITPOINT WARNING * * *
You hear some strange, mumbled words.
Something tries to affect you, but you resist.
You barely miss something. Your headbutt misses something.
You barely miss the gnoll. You slash the gnoll!
You block the gnoll's attack. x2
You hear some strange, mumbled words.
A magic dart appears from out of thin air!
The magic dart hits you.
* * * LOW HITPOINT WARNING * * *
You miss something. You slash the gnoll!
You kill the gnoll!
You hit the gnoll.
You kill the gnoll!
Something hits you.
* * * LOW HITPOINT WARNING * * *
Something freezes you.
* * * LOW HITPOINT WARNING * * *
You miss something.
You hear a zap.
A bolt of light appears from out of thin air!
The bolt of light hits you!
You die...

#....... #.......
#.......
#######.......
###.............
###...##########..
###...### #..
#..)######### ###
#){@)).....(#
#####
#.####^####.#
..... #. ....
###.. #. ......#
##. # ...[...# #.
^..._...^. #.
.#..:....#.# ##
#{#.......#.# #...
###.


There were no monsters in sight!

Vanquished Creatures
  A hound (D:3)
  4 gnolls (D:3)
  An adder (D:2)
  A worm (D:2)
  A dart slug (D:2)
  5 orcs (D:3)
  2 ball pythons (D:1)
  2 endoplasms (D:3)
  3 giant cockroaches (D:1)
  2 goblins
  4 hobgoblins
  5 bats
  A frilled lizard (D:3)
  3 kobolds
  8 rats
43 creatures vanquished.

Notes
Turn   | Place    | Note
-------+----------+-------------------------------------------
     0 | D:1      | Babbit the Minotaur Fighter began the quest for the Orb.
     0 | D:1      | Reached XP level 1. HP: 19/19 MP: 0/0
   326 | D:1      | Reached XP level 2. HP: 27/27 MP: 1/1
  1185 | D:2      | Reached XP level 3. HP: 30/33 MP: 2/2
  1276 | D:2      | Found a faded altar of an unknown god.
  1276 | D:2      | Noticed a Hell Sentinel
  1642 | D:3      | Reached XP level 4. HP: 39/40 MP: 3/3
  1781 | D:3      | Found a broken altar of Ashenzari.
  1782 | D:3      | Noticed Sigmund
  1795 | D:3      | HP: 2/40 [something (1)]
  1796 | D:3      | Killed from afar by Sigmund

Illustrated notes

Levels and vault maps discovered:
D:1:      evilmike_arrival_crescent, layout_basic, grunt_decor_junction,
          chequers_serial_rivers_micro_a, minmay_misc_feat_rows
D:2:      layout_loops_ring, dreamdust_ecumenical_altar_sealed_demon
D:3:      layout_rooms, mainiacjoe_overflow_24_doors, lemuel_tele_altar,
          kennysheep_boxes, uniq_sigmund

Skill      XL: |  1  2  3  4 |
---------------+-------------+-----
Fighting       | 4 |  4.1
Shields        | 4 |  4.2
Armour         | 4 |  4.7
Axes           | 3 4 |  4.2
Throwing       | |  0.2
Dodging        | |  0.3

Action                     |  1- 3 |  4- 6 || total
---------------------------+-------+-------++-------
  Melee: War axe           |    66 |    18 ||    84
         Headbutt          |     6 |     2 ||     8
  Throw: Javelin           |     6 |     1 ||     7
         Boomerang         |     1 |       ||     1
 Armour: Scale mail        |    46 |     3 ||    49
  Dodge: Dodged            |    33 |     7 ||    40
  Block: Buckler           |     9 |     7 ||    16
